 Dungeon Crawl Stone Soup version 0.22-a0-265-g0d8bc90 (webtiles) character file.

1166 tidbits the Insei (level 8, -1/60 HPs)
             Began as a Gnoll Transmuter on Mar 6, 2018.
             Slain by an orc
             ... wielding a +0 dagger
              (5 damage)
             ... on level 7 of the Dungeon.
             The game lasted 00:16:35 (1730 turns).

tidbits the Insei (Gnoll Transmuter)                Turns: 1730, Time: 00:16:36

Health: -1/60      AC:  8    Str: 19    XL:     8   Next: 40%
Magic:  0/17       EV: 15    Int: 17    God:
Gold:   49         SH:  0    Dex: 15    Spells: 13/19 levels left

rFire    . . .     SeeInvis .     - Unarmed
rCold    . . .     Gourm    .   (no shield)
rNeg     . . .     Faith    .   B - +0 robe
rPois    .         Spirit   +   (no helmet)
rElec    .         Reflect  .   C - +2 cloak
rCorr    .         Harm     .   G - +1 pair of gloves
MR       .....                  F - +0 pair of boots
Stlth    ++........             p - amulet of guardian spirit
HPRegen  0.20/turn              W - ring of wizardry
MPRegen  0.15/turn              (no ring)

@: mighty, very slightly contaminated
A: distributed training, fangs 1, strong nose
a: no special abilities


You were on level 7 of the Dungeon.
You were not hungry.

You visited 1 branch of the dungeon, and saw 7 of its levels.
You also visited: Sewer.

You collected 175 gold pieces.
You spent 126 gold pieces at shops.

Inventory:

Hand Weapons
 a - a +1 dagger of electrocution
   (You took it off a kobold on level 1 of the Dungeon)
 q - a +0 hand crossbow
Missiles
 g - 39 arrows
 j - 34 bolts
 o - 7 tomahawks (quivered)
Armour
 B - a +0 robe (worn)
 C - a +2 cloak (worn)
 F - a +0 pair of boots (worn)
 G - a +1 pair of gloves (worn)
Jewellery
 p - an amulet of guardian spirit (around neck)
   (You found it on level 3 of the Dungeon)
 W - a ring of wizardry (left hand)
   (You found it on level 3 of the Dungeon)
Wands
 n - a wand of flame (30)
Scrolls
 b - 2 scrolls of fog
 h - a scroll of random uselessness
 l - a scroll of noise {unknown}
 u - a scroll of fear
 w - a scroll of teleportation
Potions
 d - 2 potions of haste {unknown}
 f - a potion of berserk rage {unknown}
 k - a potion of heal wounds {unknown}
 r - 3 potions of flight
 s - a potion of cancellation
Comestibles
 c - 5 rations


   Skills:
 + Level 4.1 Fighting
 + Level 3.2 Short Blades
 + Level 3.2 Long Blades
 + Level 3.2 Axes
 + Level 3.2 Maces & Flails
 + Level 3.2 Polearms
 + Level 3.2 Staves
 + Level 3.2 Slings
 + Level 3.2 Bows
 + Level 3.2 Crossbows
 + Level 3.2 Throwing
 + Level 3.2 Armour
 + Level 5.6 Dodging
 + Level 3.2 Stealth
 + Level 3.2 Shields
 + Level 7.3 Unarmed Combat
 + Level 6.0 Spellcasting
 + Level 2.6 Conjurations
 + Level 2.6 Hexes
 + Level 2.6 Charms
 + Level 2.6 Summonings
 + Level 2.6 Necromancy
 + Level 2.6 Translocations
 + Level 4.6 Transmutations
 + Level 2.6 Fire Magic
 + Level 2.6 Ice Magic
 + Level 2.6 Air Magic
 + Level 2.6 Earth Magic
 + Level 2.6 Poison Magic
 + Level 3.5 Invocations
 + Level 3.2 Evocations


You had 13 spell levels left.
You knew the following spells:

 Your Spells              Type           Power        Failure   Level  Hunger
e - Beastly Appendage     Tmut           ###...       1%          1    None
k - Sticks to Snakes      Tmut           ###.....     1%          2    None
p - Spider Form           Tmut/Pois      ###.......   3%          3    ##.....


Dungeon Overview and Level Annotations

Branches:
Dungeon (7/15)
 Temple: D:4-7

Altars:
Vehumet

Shops:
D:5 ?


Innate Abilities, Weirdness & Mutations

Your experience applies equally to all skills.
You have very sharp teeth.
Your uncanny sense of smell can sniff out nearby items.


Message History

The tomahawk hits the orc but does no damage.
Unknown command.
You bite the wight!
The wight is severely damaged.
The orc hits you but does no damage. The wight hits you with a war axe!
* * * LOW HITPOINT WARNING * * *
You feel drained.
* * * LOW HITPOINT WARNING * * *
The wight misses you. The orc misses you.
The orc throws a tomahawk.
The tomahawk hits the wight but does no damage.
Unknown command.
You closely miss the wight.
The wight is severely damaged.
The orc closely misses you. The orc barely misses you.
The wight hits you with a war axe.
* * * LOW HITPOINT WARNING * * *
You feel drained.
* * * LOW HITPOINT WARNING * * *
The wight closely misses you.
The orc throws a tomahawk.
The tomahawk hits the wight but does no damage.
The orc closely misses you.
Unknown command.
You catch the helpless wight completely off-guard!
You hit the wight.
The wight is severely damaged.
The orc shouts!
The orc completely misses you.
Items here: ) [ †† a dagger; a robe; a worker ant corpse; an orc corpse You maul the wight!!
You destroy the wight!
Your base Fighting skill increases to level 4!
Your base Short Blades skill increases to level 3!
Your base Long Blades skill increases to level 3!
Your base Axes skill increases to level 3!
Your base Maces & Flails skill increases to level 3!
Your base Polearms skill increases to level 3!
Your base Staves skill increases to level 3!
Your base Slings skill increases to level 3!
Your base Bows skill increases to level 3!
Your base Crossbows skill increases to level 3!
Your base Throwing skill increases to level 3!
Your base Armour skill increases to level 3!
Your base Stealth skill increases to level 3!
Your base Shields skill increases to level 3!
Your base Evocations skill increases to level 3!
Your transformation is almost over.
You catch the helpless orc completely off-guard!
You bite the orc!
You kill the orc!
You flicker back into view.
The orc hits you but does no damage. The orc closely misses you.
The orc completely misses you.
You bite the orc!
You kill the orc!
The orc closely misses you. The orc completely misses you.
You bite the wight!
You destroy the wight!
The orc completely misses you. x2
You bite the wight!
The wight is severely damaged.
You bite the wight!
You destroy the wight!
The orc hits you from afar with a trident.
* * * LOW HITPOINT WARNING * * *
The bullfrog croaks.
You maul the wight!!
You destroy the wight!
The orc barely misses you. The orc completely misses you.
The orc barely misses you.
The orc throws a tomahawk.
The tomahawk completely misses you.
You bite the orc!
You kill the orc!
The orc completely misses you. The orc hits you with a flail.
* * * LOW HITPOINT WARNING * * *
You bite the orc!
You kill the orc!
The orc misses you.
Casting: Spider Form (safe; 10% risk of failure)
Confirm with . or Enter, or press ? or * to list all spells.
You create a snake!
You now have 39 arrows.
The bullfrog completely misses you. The orc misses you. x2
You bite the bullfrog!
The bullfrog is poisoned.
The bullfrog is heavily wounded.
The bullfrog hits you.
* * * LOW HITPOINT WARNING * * *
The orc completely misses you. The bullfrog completely misses you.
You bite the bullfrog!
You kill the bullfrog!
Your life force feels restored.
Your Spellcasting skill increases to level 6!
Your transformation has ended.
Your +2 cloak unmelds from your body.
Your +1 pair of gloves unmelds from your body.
Your +0 pair of boots unmelds from your body.
Your +0 robe unmelds from your body.
The orc hits you from afar with a trident.
* * * LOW HITPOINT WARNING * * *
The orc hits you with a dagger.
You die...

... ####### ....∆
....... ....##
....... .
....###...... >.
#...#.#.#.## .Y ...
#......#..# #h ....
##.#∆##....# ..
....###)(#..###.h# .#
#..o@.##S.a...##.##..
#..)S)##.o...........
#((o..###z......##.%
.....#### #.....<.#
###... ##......<.....
#.#. #.....%.#......
#.#. ..#........#...
# #. ####.......## .$
#. ###.......# .


You could see 2 orcs and a friendly ball python.

Vanquished Creatures
  A black bear (D:7)
  A phantom (D:5)
  A big kobold (Sewer)
  2 bullfrogs
  7 wights
  A crimson imp (D:7)
  A hound (D:7)
  Natasha (twice) (D:3)
  2 centaur skeletons
  Terence (D:3)
  An iguana (D:6)
  3 orc wizards
  2 worker ants
  4 adders
  A river rat (D:6)
  2 shadow imps
  2 worms
  9 orcs
  2 giant cockroaches (D:3)
  3 goblins
  2 hobgoblins (D:1)
  9 jackals
  A quokka (D:6)
  2 ball pythons
  2 bats (D:3)
  A frilled lizard (D:3)
  5 kobolds
  13 rats
83 creatures vanquished.

Vanquished Creatures (collateral kills)
  A howler monkey (D:5)
  2 jellies
  A worker ant (D:4)
  3 orcs
  A jackal (D:5)
  A kobold (Sewer)
9 creatures vanquished.

Grand Total: 92 creatures vanquished

Notes
Turn   | Place    | Note
-------+----------+-------------------------------------------
     0 | D:1      | tidbits the Gnoll Transmuter began the quest for the Orb.
     0 | D:1      | Reached XP level 1. HP: 17/17 MP: 6/6
   185 | D:3      | Reached XP level 2. HP: 16/23 MP: 7/7
   369 | D:2      | Reached XP level 3. HP: 17/28 MP: 7/9
   373 | D:2      | Learned a level 2 spell: Sticks to Snakes
   377 | D:2      | Learned a level 3 spell: Spider Form
   435 | D:3      | Reached skill level 5 in Spellcasting
   457 | D:3      | Noticed Natasha
   471 | D:3      | Killed Natasha
   471 | D:3      | Reached skill level 1 in Short Blades
   471 | D:3      | Reached skill level 1 in Long Blades
   471 | D:3      | Reached skill level 1 in Axes
   471 | D:3      | Reached skill level 1 in Maces & Flails
   471 | D:3      | Reached skill level 1 in Polearms
   471 | D:3      | Reached skill level 1 in Staves
   471 | D:3      | Reached skill level 1 in Slings
   471 | D:3      | Reached skill level 1 in Bows
   471 | D:3      | Reached skill level 1 in Crossbows
   471 | D:3      | Reached skill level 1 in Throwing
   471 | D:3      | Reached skill level 1 in Armour
   471 | D:3      | Reached skill level 1 in Stealth
   471 | D:3      | Reached skill level 1 in Shields
   471 | D:3      | Reached skill level 1 in Invocations
   471 | D:3      | Reached skill level 1 in Evocations
   481 | D:3      | Noticed Terence
   494 | D:3      | Reached XP level 4. HP: 13/34 MP: 2/11
   631 | D:3      | Killed Terence
   647 | D:3      | Reached skill level 1 in Conjurations
   647 | D:3      | Reached skill level 1 in Hexes
   647 | D:3      | Reached skill level 1 in Charms
   647 | D:3      | Reached skill level 1 in Summonings
   647 | D:3      | Reached skill level 1 in Necromancy
   647 | D:3      | Reached skill level 1 in Translocations
   647 | D:3      | Reached skill level 1 in Fire Magic
   647 | D:3      | Reached skill level 1 in Ice Magic
   647 | D:3      | Reached skill level 1 in Air Magic
   647 | D:3      | Reached skill level 1 in Earth Magic
   647 | D:3      | Reached skill level 1 in Poison Magic
   691 | D:3      | Noticed Natasha
   705 | D:3      | Killed Natasha
   705 | D:3      | Reached XP level 5. HP: 38/40 MP: 7/12
   816 | D:5      | Entered Level 5 of the Dungeon
   884 | D:4      | Noticed a steam dragon
   930 | D:6      | Reached skill level 3 in Fighting
   939 | D:6      | Reached skill level 4 in Transmutations
   973 | D:6      | Reached skill level 2 in Invocations
   973 | D:6      | Reached XP level 6. HP: 47/47 MP: 5/13
  1078 | D:6      | Found a glowing drain.
  1095 | D:6      | Reached skill level 5 in Dodging
  1107 | D:6      | Reached skill level 2 in Short Blades
  1107 | D:6      | Reached skill level 2 in Long Blades
  1107 | D:6      | Reached skill level 2 in Axes
  1107 | D:6      | Reached skill level 2 in Maces & Flails
  1107 | D:6      | Reached skill level 2 in Polearms
  1107 | D:6      | Reached skill level 2 in Staves
  1107 | D:6      | Reached skill level 2 in Slings
  1107 | D:6      | Reached skill level 2 in Bows
  1107 | D:6      | Reached skill level 2 in Crossbows
  1107 | D:6      | Reached skill level 2 in Throwing
  1107 | D:6      | Reached skill level 2 in Armour
  1107 | D:6      | Reached skill level 2 in Stealth
  1107 | D:6      | Reached skill level 2 in Shields
  1107 | D:6      | Reached skill level 2 in Evocations
  1172 | Sewer    | Entered a sewer
  1255 | Sewer    | Found a glowing silver altar of Zin.
  1341 | D:5      | Reached XP level 7. HP: 38/52 MP: 8/15
  1427 | D:5      | Found a radiant altar of Vehumet.
  1453 | D:5      | Found Uzxekoff's Magic Scroll Shoppe.
  1460 | D:5      | Bought a scroll of fear for 42 gold pieces
  1460 | D:5      | Bought a scroll of fog for 24 gold pieces
  1460 | D:5      | Bought a scroll of identify for 24 gold pieces
  1460 | D:5      | Bought a scroll of teleportation for 36 gold pieces
  1496 | D:5      | Reached skill level 7 in Unarmed Combat
  1528 | D:5      | Reached skill level 2 in Conjurations
  1528 | D:5      | Reached skill level 2 in Hexes
  1528 | D:5      | Reached skill level 2 in Charms
  1528 | D:5      | Reached skill level 2 in Summonings
  1528 | D:5      | Reached skill level 2 in Necromancy
  1528 | D:5      | Reached skill level 2 in Translocations
  1528 | D:5      | Reached skill level 2 in Fire Magic
  1528 | D:5      | Reached skill level 2 in Ice Magic
  1528 | D:5      | Reached skill level 2 in Air Magic
  1528 | D:5      | Reached skill level 2 in Earth Magic
  1528 | D:5      | Reached skill level 2 in Poison Magic
  1644 | D:7      | Noticed a yak
  1687 | D:7      | Reached skill level 3 in Invocations
  1705 | D:7      | Reached XP level 8. HP: 29/60 MP: 0/16
  1719 | D:7      | Reached skill level 4 in Fighting
  1719 | D:7      | Reached skill level 3 in Short Blades
  1719 | D:7      | Reached skill level 3 in Long Blades
  1719 | D:7      | Reached skill level 3 in Axes
  1719 | D:7      | Reached skill level 3 in Maces & Flails
  1719 | D:7      | Reached skill level 3 in Polearms
  1719 | D:7      | Reached skill level 3 in Staves
  1719 | D:7      | Reached skill level 3 in Slings
  1719 | D:7      | Reached skill level 3 in Bows
  1719 | D:7      | Reached skill level 3 in Crossbows
  1719 | D:7      | Reached skill level 3 in Throwing
  1719 | D:7      | Reached skill level 3 in Armour
  1719 | D:7      | Reached skill level 3 in Stealth
  1719 | D:7      | Reached skill level 3 in Shields
  1719 | D:7      | Reached skill level 3 in Evocations
  1730 | D:7      | Reached skill level 6 in Spellcasting
  1730 | D:7      | HP: 4/60 [orc/trident (5)]
  1730 | D:7      | Slain by an orc

Vault maps used:
D:1:      sevenhm_arrival_forest_fort_large_2, nrook_mini_backslash
D:2:      first_ration
D:3:      uniq_terence, uniq_natasha
D:4:      abandoned_shop, nicolae_qazlal_general_emergency
D:5:      serial_shops, shop_statue, basic_altar
D:6:      portal_sewer_entry_a
D:7:      minmay_temple_entry_statues_pillars
Sewer:    sewer_kobolds

Skill      XL: |  1  2  3  4  5  6  7  8 |
---------------+-------------------------+-----
Spellcasting   | 5 6 |  6.0
Short Blades   | 1 2 3 |  3.2
Long Blades    | 1 2 3 |  3.2
Axes           | 1 2 3 |  3.2
Maces & Flails | 1 2 3 |  3.2
Polearms       | 1 2 3 |  3.2
Staves         | 1 2 3 |  3.2
Slings         | 1 2 3 |  3.2
Bows           | 1 2 3 |  3.2
Crossbows      | 1 2 3 |  3.2
Throwing       | 1 2 3 |  3.2
Armour         | 1 2 3 |  3.2
Stealth        | 1 2 3 |  3.2
Shields        | 1 2 3 |  3.2
Invocations    | 1 2 3 |  3.5
Evocations     | 1 2 3 |  3.2
Conjurations   | 1 2 |  2.6
Hexes          | 1 2 |  2.6
Charms         | 1 2 |  2.6
Summonings     | 1 2 |  2.6
Necromancy     | 1 2 |  2.6
Translocations | 1 2 |  2.6
Fire Magic     | 1 2 |  2.6
Ice Magic      | 1 2 |  2.6
Air Magic      | 1 2 |  2.6
Earth Magic    | 1 2 |  2.6
Poison Magic   | 1 2 |  2.6
Fighting       | 3 4 |  4.1
Transmutations | 4 |  4.6
Dodging        | 5 |  5.6
Unarmed Combat | 7 |  7.3

Action                   |  1- 3 |  4- 6 |  7- 9 || total
-------------------------+-------+-------+-------++-------
Melee: Dagger            |    13 |     9 |     3 ||    25
       Unarmed           |    33 |    83 |    79 ||   195
       Bite              |     4 |     1 |       ||     5
       Punch             |     1 |       |     3 ||     4
       Headbutt          |     1 |       |       ||     1
       Kick              |     5 |       |       ||     5
 Cast: Beastly Appendage |    12 |     3 |     1 ||    16
       Spider Form       |     3 |    15 |     7 ||    25
       Sticks to Snakes  |     1 |    10 |     5 ||    16
 Abil: End Transformatio |       |     1 |       ||     1
  Use: Scroll            |       |     6 |     2 ||     8
       Potion            |       |     1 |     7 ||     8
 Stab: Sleeping          |     2 |     2 |     1 ||     5
       Invisible         |       |       |     7 ||     7
  Eat: Chunk             |       |     2 |       ||     2
       Ration            |       |       |     1 ||     1
Armor: Robe              |     7 |     1 |     3 ||    11
       Skin              |       |     3 |    46 ||    49
Dodge: Dodged            |    19 |    70 |    70 ||   159

Table legend:
 A = Spawn XP
 B = Non-spawn XP
 C = Spawn XP percentage of total XP
 D = Spawn monster count
 E = Non-spawn monster count
 F = Spawn count percentage of total count
 G = Total turns spent on level
                    A         B        C        D         E        F      G
               +---------+---------+-------+---------+---------+-------+---------
         Total |       0 |    1666 |   0.0 |       0 |      92 |   0.0 |  1730
               +---------+---------+-------+---------+---------+-------+---------
           D:1 |       0 |       7 |   0.0 |       0 |       5 |   0.0 |   119
           D:2 |       0 |      22 |   0.0 |       0 |       5 |   0.0 |   234
           D:3 |       0 |     159 |   0.0 |       0 |      21 |   0.0 |   411
           D:4 |       0 |      31 |   0.0 |       0 |       1 |   0.0 |    85
           D:5 |       0 |     263 |   0.0 |       0 |      10 |   0.0 |   310
           D:6 |       0 |     283 |   0.0 |       0 |      17 |   0.0 |   362
           D:7 |       0 |     810 |   0.0 |       0 |      21 |   0.0 |    90
         Sewer |       0 |      91 |   0.0 |       0 |      12 |   0.0 |   119
               +---------+---------+-------+---------+---------+-------+---------

Table legend:
 A = Turns spent in this place as a percentage of turns spent in the entire game.
 B = Non-inter-level travel turns spent in this place as a percentage of non-inter-level travel turns spent in the entire game.
 C = Inter-level travel turns spent in this place as a percentage of turns spent in this place.
 D = Turns resting spent in this place as a percentage of non-inter-level travel turns spent in this place.
 E = Turns spent auto-exploring this place as a percentage of non-inter-level travel turns spent in this place.
 F = Non-inter-level travel turns spent in this place divided by the number of levels of this place that you've seen.
                   A       B       C       D       E      F
               +-------+-------+-------+-------+-------+----------------------
         Total | 100.0 | 100.0 |   0.0 |   0.0 |   0.0 | 216.2
       Dungeon |  93.1 |  93.1 |   0.0 |   0.0 |   0.0 | 230.1
         Sewer |   6.9 |   6.9 |   0.0 |   0.0 |   0.0 | 119.0
               +-------+-------+-------+-------+-------+----------------------

Table legend:
 A = Kills in this place as a percentage of kills in entire the game.
 B = Kills by you in this place as a percentage of kills by you in the entire game.
 C = Kills by friends in this place as a percentage of kills by friends in the entire game.
 D = Other kills in this place as a percentage of other kills in the entire game.
 E = Experience gained in this place as a percentage of experience gained in the entire game.
 F = Experience gained in this place divided by the number of levels of this place that you have seen.
                   A       B       C       D       E      F
               +-------+-------+-------+-------+-------+----------------------
         Total | 100.0 | 100.0 | 100.0 |   N/A | 100.0 | 208.2
       Dungeon |  87.0 |  86.7 |  88.9 |   N/A |  94.5 | 225.0
         Sewer |  13.0 |  13.3 |  11.1 |   N/A |   5.5 |  91.0
               +-------+-------+-------+-------+-------+----------------------

Vault maps used:
D:1:      sevenhm_arrival_forest_fort_large_2, nrook_mini_backslash
D:2:      first_ration
D:3:      uniq_terence, uniq_natasha
D:4:      abandoned_shop, nicolae_qazlal_general_emergency
D:5:      serial_shops, shop_statue, basic_altar
D:6:      portal_sewer_entry_a
D:7:      minmay_temple_entry_statues_pillars
Sewer:    sewer_kobolds
